 Dungeon Crawl Stone Soup version 0.31-a0-221-gbddc013574 (webtiles) character file.

Game seed: 10892593870347928201

100 qw the Chopper (level 4, -1/28 HPs)
             Began as a Gargoyle Fighter on July 4, 2023.
             Slain by a gnoll
             ... wielding a +0 halberd
             ... led by a gnoll bouda
              (5 damage)
             ... on level 3 of the Dungeon.
             The game lasted 00:00:57 (1550 turns).

qw the Chopper (Gargoyle Fighter)                   Turns: 1550, Time: 00:00:58

Health: -1/28      AC: 10    Str: 21    XL:     4   Next: 74%
Magic:  4/4        EV:  9    Int:  9    God:
Gold:   53         SH:  4    Dex:  9    Spells: 3/3 levels left

rFire   . . .        Y - +0 war axe
rCold   . . .        c - +0 buckler
rNeg    + . .        b - +0 scale mail
rPois   inf          (no helmet)
rElec   +            (no cloak)
rCorr   .            (no gloves)
SInv    .            (no boots)
Will    .....        (no amulet) Stlth
                     (no ring)
HPRegen 0.24/turn    (no ring)
MPRegen 0.09/turn

%: no passive effects
@: no status effects
A: sickness immunity, AC +3, negative energy resistance 1, electricity
resistance, torment resistance 1, petrification resistance
a: no special abilities


You were on level 3 of the Dungeon.
You visited 1 branch of the dungeon, and saw 3 of its levels.

You collected 53 gold pieces.


Innate Abilities, Weirdness & Mutations

You are immune to sickness and miasma.
Your stone body is resilient. (AC +3)
You are immune to poison.
You resist negative energy. (rN+)
You are resistant to electric shocks. (rElec)
You are resistant to unholy torment.
You are immune to petrification.


   Skills:
 - Level 3.2 Fighting
 + Level 4.3 Axes
 - Level 3.2 Armour
 - Level 3.2 Shields


You had 3 spell levels left.
You didn't know any spells.
Your spell library was empty.

Inventory:

Hand Weapons
 e - a +0 whip
 Y - a +0 war axe (weapon)
Armour
 b - a +0 scale mail (worn)
 c - a +0 buckler (worn)
 f - a +2 hat
Scrolls
 a - 2 scrolls of identify
 h - a scroll of enchant armour {unknown}
Potions
 d - 2 potions of might
 g - a potion of heal wounds {unknown}

Dungeon Overview and Level Annotations

Branches:
Dungeon (3/15)

Altars:


Message History

The gnoll hits you with a +0 flail.
You hit the gnoll but do no damage.
The gnoll is lightly wounded.
The gnoll hits you from afar with a +0 halberd.
The gnoll barely misses you.
The gnoll hits you from afar with a +0 halberd.
The gnoll barely misses you.
You hit the gnoll.
The gnoll is moderately wounded.
The gnoll hits you but does no damage. x2
You hit the gnoll but do no damage.
The gnoll is moderately wounded.
The gnoll barely misses you. The gnoll hits you with a +0 flail!
You closely miss the gnoll.
The gnoll is moderately wounded.
The gnoll hits you from afar with a +0 halberd!
A gnoll comes into view. It is wielding a +0 flail.
The gnoll barely misses you.
The gnoll moves out of view.
You hear a shout!
You slash the gnoll bouda!
The gnoll bouda is moderately wounded.
The gnoll hits you but does no damage. The gnoll bouda barely misses you.
You hit the gnoll bouda but do no damage.
The gnoll bouda is moderately wounded.
The gnoll barely misses you.
The gnoll bouda hits you but does no damage.
The gnoll closely misses you.
You hit the gnoll bouda but do no damage.
The gnoll bouda is moderately wounded.
The gnoll bouda hits you but does no damage.
The gnoll hits you from afar with a +0 halberd.
The gnoll bouda completely misses you.
You slash the gnoll bouda!
The gnoll bouda is almost dead.
The gnoll is no longer moving quickly.
The gnoll barely misses you. You block the gnoll bouda's attack.
You closely miss the gnoll bouda.
The gnoll bouda is almost dead.
The gnoll hits you from afar with a +0 halberd.
You die...

g# .# .# ### ### ### .#
#.# #.###.# g# #.#
#.....# .######
###.#####.#.#.####g......
.........)).....@ggg..#
###.#####.#.#.#######.#
#.# #.....# #.# #.....#
###.#####<###.#
..........# #...
#####..##.# #.## #..##..
..# #..#


You could see a gnoll bouda and 3 gnolls.

Vanquished Creatures
  4 adders
  A worm (D:2)
  A dart slug (D:2)
  An orc (D:2)
  2 bats (D:1)
  6 endoplasms
  A goblin (D:1)
  4 hobgoblins
  7 jackals
  9 kobolds
  3 quokkas
  6 ball pythons
  6 frilled lizards
  6 rats
57 creatures vanquished.

Notes
Turn   | Place    | Note
-------+----------+-------------------------------------------
     0 | D:1      | qw the Gargoyle Fighter began the quest for the Orb.
     0 | D:1      | Reached XP level 1. HP: 14/14 MP: 1/1
     0 | D:1      | 0 ||| qw: Version: 0.3-a-41-g9d075ac
     0 | D:1      | 0 ||| qw: Game counter: 724
     0 | D:1      | 0 ||| qw: Melee chars always use a shield: true
     0 | D:1      | 0 ||| qw: God list: Okawaru
     0 | D:1      | 0 ||| qw: Allow faded altars: false
     0 | D:1      | 0 ||| qw: Do Orc after clearing Dungeon:15 true
     0 | D:1      | 0 ||| qw: Do second Lair branch before Depths: true
     0 | D:1      | 0 ||| qw: Lair rune preference: random
     0 | D:1      | 0 ||| qw: Goals: Normal, Zot:1-4, Slime:5, God:TSO, Crypt,
                  | Tomb, Abyss, Pan, Hells, Win
     0 | D:1      | 0 ||| PLANNING D:1-11
    67 | D:1      | Reached skill level 2 in Axes
   133 | D:1      | Found a faded altar of an unknown god.
   183 | D:1      | Reached XP level 2. HP: 19/19 MP: 2/2
   344 | D:1      | 344 ||| Stepping ~*~*~tactically~*~*~ (stealth).
   441 | D:1      | Reached skill level 3 in Axes
   738 | D:1      | 738 ||| READING 3 scrolls labelled DYX CIFUSACE.
   739 | D:1      | 739 ||| READING 3 scrolls labelled QACWOD ROWI.
   740 | D:1      | 740 ||| READING 2 scrolls of identify.
   740 | D:1      | 740 ||| IDENTIFYING fizzy green potion
   741 | D:1      | 741 ||| DROPPING 2 scrolls of poison.
   742 | D:1      | 742 ||| DROPPING potion of invisibility.
   794 | D:2      | Reached XP level 3. HP: 23/23 MP: 3/3
   800 | D:2      | 800 ||| STAIRDANCE
   870 | D:2      | 870 ||| STAIRDANCE
   941 | D:2      | 941 ||| Stepping ~*~*~tactically~*~*~ (stealth).
   959 | D:2      | Reached XP level 4. HP: 17/28 MP: 4/4
  1007 | D:2      | 1007 ||| Stepping ~*~*~tactically~*~*~ (stealth).
  1008 | D:2      | 1008 ||| Stepping ~*~*~tactically~*~*~ (stealth).
  1044 | D:2      | 1044 ||| Stepping ~*~*~tactically~*~*~ (stealth).
  1153 | D:2      | Reached skill level 4 in Axes
  1252 | D:2      | 1252 ||| Stepping ~*~*~tactically~*~*~ (stealth).
  1389 | D:2      | 1389 ||| READING scroll labelled LYONNO XYCWIRI.
  1390 | D:2      | 1390 ||| READING scroll labelled FYNUGG TYAQUFF.
  1421 | D:3      | 1421 ||| STAIRDANCE
  1537 | D:3      | 1537 ||| Stepping ~*~*~tactically~*~*~ (stealth).
  1539 | D:3      | 1539 ||| Stepping ~*~*~tactically~*~*~ (hiding).
  1545 | D:3      | HP: 4/28 [gnoll/+0 halberd[a gnoll bouda] (12)]
  1550 | D:3      | Slain by a gnoll

Levels and vault maps discovered:
D:1:      lightli_arrival_flooded_house, layout_loops_ring,
          ebering_ecumenical_altar_mist
D:2:      layout_rooms, minmay_tetromino_i4
D:3:      layout_loops_ring, chequers_avenue

Skill      XL: |  1  2  3  4 |
---------------+-------------+-----
Axes           | 2 3 4 |  4.3
Fighting       | |  3.2
Armour         | |  3.2
Shields        | |  3.2

Action                     |  1- 3 |  4- 6 || total
---------------------------+-------+-------++-------
  Melee: War axe           |    66 |    79 ||   145
    Use: Scroll            |     3 |     2 ||     5
 Armour: Scale mail        |    43 |    44 ||    87
  Dodge: Dodged            |    42 |    26 ||    68
  Block: Buckler           |    12 |    14 ||    26

Table legend:
 A = Non-vault XP
 B = Vault XP
 C = Vault XP percentage of total XP
 D = Non-vault monster count
 E = Vault monster count
 F = Vault count percentage of total count
                 A         B        C        D         E       F
            +---------+---------+-------+---------+---------+-------
      Total |     124 |      20 |  13.9 |      54 |       3 |   5.3
            +---------+---------+-------+---------+---------+-------
        D:1 |      56 |       0 |   0.0 |      26 |       0 |   0.0
        D:2 |      50 |      20 |  28.6 |      23 |       3 |  11.5
        D:3 |      18 |       0 |   0.0 |       5 |       0 |   0.0
            +---------+---------+-------+---------+---------+-------
